 Dungeon Crawl Stone Soup version 0.30-a0-125-g51eefa89be (webtiles) character file.

Game seed: 18379832527461493158

1343 bande the Cleaver (level 8, -1/69 HPs)
             Began as a Hill Orc Fighter on Sept 19, 2022.
             Was a Follower of Beogh.
             Shot with an arrow by a centaur (3 damage)
             ... on level 6 of the Dungeon.
             The game lasted 00:08:22 (6169 turns).

bande the Cleaver (Hill Orc Fighter)                Turns: 6169, Time: 00:08:23

Health: -1/69      AC: 10    Str: 19    XL:     8   Next: 62%
Magic:  10/10      EV:  7    Int:  8    God:    Beogh [*.....]
Gold:   222        SH:  0    Dex: 12    Spells: 7/7 levels left

rFire   . . .      SeeInvis .    a - +1 war axe
rCold   . . .      Faith    .    c - +1 buckler
rNeg    . . .      Spirit   .    v - +0 chain mail
rPois   .          Reflect  .    (no helmet)
rElec   .          Harm     .    (no cloak)
rCorr   +          Rampage  .    (no gloves)
Will    .....                    (no boots)
Stlth   ..........               (no amulet)
HPRegen 0.21/turn                e - ring of flight
MPRegen 0.12/turn                j - ring of resist corrosion

@: confused, marked, flying
A: no striking features
a: Renounce Religion


You were on level 6 of the Dungeon.
You worshipped Beogh.
Beogh was aware of your devotion.
You visited 1 branch of the dungeon, and saw 6 of its levels.

You collected 222 gold pieces.

Inventory:

Hand Weapons
 a - a +1 war axe (weapon)
 x - a +0 flail
Armour
 c - a +1 buckler (worn)
 v - a +0 chain mail (worn)
Jewellery
 e - a ring of flight (left hand)
 j - a ring of resist corrosion (right hand)
Wands
 n - a wand of iceblast (11)
Scrolls
 d - a scroll of magic mapping
 f - 2 scrolls of fog
 g - 2 scrolls of enchant armour
 h - a scroll of brand weapon {unknown}
 s - 2 scrolls of poison
Potions
 b - a potion of attraction {unknown}
 k - 2 potions of curing
 m - a potion of brilliance
 p - 3 potions of haste
 q - a potion of heal wounds {unknown}
 t - 2 potions of might
 z - a potion of degeneration {unknown}


   Skills:
 + Level 5.5 Fighting
 + Level 8.6 Axes
 + Level 6.2 Armour
 + Level 4.7 Shields
 * Level 3.7 Invocations
 * Level 2.8 Evocations


You had 7 spell levels left.
You didn't know any spells.
Your spell library was empty.

Dungeon Overview and Level Annotations

Branches:
Dungeon (6/15)             Temple (0/1) D:4

Altars:


Message History

A gnoll comes into view. It is wielding a +0 whip.
The centaur shoots an arrow.
The arrow closely misses you.
You barely miss the orc wizard.
The orc wizard is almost dead.
You closely miss the orc.
A centaur comes into view.
The centaur shoots an arrow.
The arrow barely misses you.
The orc wizard hits you with a +0 dagger.
You block the orc's attack.
The centaur shoots an arrow.
The arrow hits you but does no damage.
An orc comes into view. It is wielding a +0 club.
The orc priest looks encouraged for a moment.
An orc comes into view. It is wielding a +0 dagger.
The orc wizard gestures at you while chanting.
You are confused.
An orc comes into view. It is wielding a +0 whip.
The ogre hits you with a +0 giant spiked club!
Unknown command.
You barely miss the ogre. You barely miss the centaur.
The centaur wields a +0 shortbow.
The centaur shoots an arrow.
The arrow hits you.
The centaur unwields a +0 shortbow.
The centaur closely misses you.
The centaur kicks you but does no damage.
The ogre hits you with a +0 giant spiked club!!
* * * LOW HITPOINT WARNING * * *
A gnoll comes into view. It is wielding a +0 flail.
The orc wizard hits you but does no damage.
You're too confused to move!
The centaur shoots an arrow.
The arrow hits you.
* * * LOW HITPOINT WARNING * * *
The centaur hits you.
* * * LOW HITPOINT WARNING * * *
The centaur kicks you.
* * * LOW HITPOINT WARNING * * *
The centaur barely misses you.
The centaur kicks you but does no damage.
The orc wizard barely misses you. The ogre barely misses you.
Unknown command.
The centaur attacks as you move away! The centaur completely misses you.
The centaur barely misses you.
The centaur shoots an arrow.
The arrow hits you.
You die...

... . ...#.## ...#..##
.......## #oo......
##........ ###.........
###..oOco.....
######....@..c.....
#######.....#####o##gg...
...........## #o# ...#
#..........##...ooo.oo..#
#..........##$........o..
##........###..........g.
#.......## #...........#
#))###### #............
##).######. ...........##


You could see an ogre, 2 centaurs, an orc wizard, 2 gnolls and 7 orcs.

Vanquished Creatures
  Sigmund (D:2)
  Eustachio (D:5)
  An ice beast (D:5)
  An ogre (D:5)
  A centaur (D:4)
  2 scorpions
  2 howler monkeys
  2 hounds
  A jelly (D:5)
  3 orc priests
  2 iguanas
  Natasha (thrice) (D:2)
  An orc wizard (D:6)
  8 gnolls
  7 adders
  An ufetubus (D:5)
  3 worms
  A dart slug (D:1)
  13 orcs
  11 ball pythons
  3 bats
  5 endoplasms
  7 giant cockroaches
  9 goblins
  7 hobgoblins
  3 jackals (D:1)
  4 quokkas
  4 frilled lizards
  4 kobolds
  8 rats
119 creatures vanquished.

Vanquished Creatures (others)
  A bullfrog (D:6)
  An orc priest (D:3)
  10 plants (D:2)
12 creatures vanquished.

Grand Total: 131 creatures vanquished

Notes
Turn   | Place    | Note
-------+----------+-------------------------------------------
     0 | D:1      | bande the Hill Orc Fighter began the quest for the Orb.
     0 | D:1      | Reached XP level 1. HP: 19/19 MP: 1/1
    80 | D:1      | Reached XP level 2. HP: 27/27 MP: 2/2
   446 | D:1      | Reached skill level 3 in Axes
   449 | D:1      | Reached XP level 3. HP: 28/33 MP: 3/3
   878 | D:2      | Found a faded altar of an unknown god.
  1137 | D:2      | Noticed Natasha
  1145 | D:2      | Killed Natasha
  1146 | D:2      | Reached skill level 4 in Axes
  1146 | D:2      | Reached XP level 4. HP: 25/40 MP: 4/4
  1317 | D:2      | Noticed Sigmund
  1327 | D:2      | Killed Sigmund
  1328 | D:2      | Reached skill level 5 in Axes
  1328 | D:2      | Reached XP level 5. HP: 35/47 MP: 5/5
  1328 | D:2      | Reached XP level 6. HP: 39/53 MP: 6/6
  1335 | D:2      | Noticed Natasha
  1348 | D:2      | Killed Natasha
  1765 | D:2      | Noticed Natasha
  1770 | D:2      | Killed Natasha
  2027 | D:2      | Reached skill level 5 in Armour
  2411 | D:3      | Reached skill level 6 in Axes
  2690 | D:3      | Became a worshipper of Beogh the Brigand
  3359 | D:3      | Reached * piety under Beogh
  3575 | D:4      | Found a staircase to the Ecumenical Temple.
  3612 | D:4      | Reached skill level 1 in Invocations
  3612 | D:4      | Reached XP level 7. HP: 21/60 MP: 7/7
  3619 | D:4      | Reached skill level 1 in Evocations
  4206 | D:4      | Reached skill level 5 in Fighting
  4723 | D:5      | Entered Level 5 of the Dungeon
  4744 | D:4      | Reached skill level 7 in Axes
  5036 | D:5      | Reached XP level 8. HP: 68/68 MP: 9/9
  5611 | D:5      | Noticed Eustachio
  5621 | D:5      | Reached skill level 8 in Axes
  5643 | D:5      | Killed Eustachio
  6168 | D:6      | HP: 3/69 [centaur (5)]
  6169 | D:6      | Shot with an arrow by a centaur

Illustrated notes

Levels and vault maps discovered:
D:1:      sevenhm_arrival_forest_fort_large_4, layout_basic
D:2:      wad_lake_hut, layout_basic, nicolae_ecumenical_snake_handling,
          uniq_natasha, uniq_sigmund
D:3:      layout_basic, gup_sewer_entry_pipe
D:4:      layout_basic, minmay_temple_entry_junction_2
D:5:      layout_rooms, uniq_eustachio
D:6:      kennysheep_spiral_hall, layout_rooms, kennysheep_mini,
          kennysheep_mini_moat, nicolae_hepliaklqana_hazy_memory, serial_glass,
          glass_columns_b, glass_columns_c, glass_columns_a, glass_columns_c,
          glass_columns_c

Skill      XL: |  1  2  3  4  5  6  7  8 |
---------------+-------------------------+-----
Axes           | 3 4 5 6 7 8 |  8.6
Fighting       | 4 5 |  5.5
Armour         | 4 5 6 |  6.2
Shields        | 4 |  4.7
Invocations    | 1 2 3 |  3.7
Evocations     | 1 2 |  2.8

Action                   |  1- 3 |  4- 6 |  7- 9 || total
-------------------------+-------+-------+-------++-------
Melee: War axe           |    79 |   137 |   144 ||   360
Invok: Convert to Beogh  |       |     1 |       ||     1
  Use: Potion            |       |     1 |       ||     1
       Scroll            |       |       |    14 ||    14
Armor: Scale mail        |    32 |    35 |       ||    67
       Chain mail        |       |    14 |   117 ||   131
Dodge: Dodged            |    44 |    61 |    76 ||   181
Block: Buckler           |    20 |    35 |    57 ||   112

Table legend: (Time is in decaauts)
 A = Elapsed time spent in this place.
 B = Non-inter-level travel time spent in this place.
 C = Inter-level travel time spent in this place.
 D = Time resting spent in this place.
 E = Time spent auto-exploring this place.
 F = Levels seen in this place.
 G = Mean time per level.
                   A        B        C        D        E       F      G
               +--------+--------+--------+--------+--------+-----+--------+
         Total |   6271 |   6256 |     15 |   1936 |   3313 |   6 | 1045.2 |
       Dungeon |   6271 |   6256 |     15 |   1936 |   3313 |   6 | 1045.2 |
               +--------+--------+--------+--------+--------+-----+--------+

Top non-repeatable levels by time:
     D:2: 1565 daAuts
     D:4: 1403 daAuts
     D:5: 1218 daAuts
     D:3: 1123 daAuts
     D:1: 885 daAuts
     D:6: 75 daAuts
